 Dungeon Crawl Stone Soup version 0.24.0-13-gcf9b3192b9 (webtiles) character file.

Game seed: 7615152197542732267, levelgen mode: deterministic

11 Monsterracer the Poker (level 2, -2/18 (19) HPs)
             Began as a Tengu Chaos Knight on Nov 7, 2019.
             Was a Plaything of Xom.
             Succumbed to a water nymph's dark miasma
             ... on level 1 of the Dungeon.
             The game lasted 00:00:33 (552 turns).

Monsterracer the Poker (Tengu Chaos Knight)          Turns: 552, Time: 00:00:34

HP:   -2/18 (19)    AC:  5    Str: 10 (12) XL:     2   Next: 29%
MP:   3/3           EV: 11    Int:  9 (12) God:    Xom [..*...]
Gold: 21            SH:  0    Dex: 11 (13) Spells: 1/1 levels left

rFire    . . .     SeeInvis .   a - +0 spear (chaos)
rCold    . . .     Gourm    .   (no shield)
rNeg     . . .     Faith    .   b - +2 leather armour
rPois    .         Spirit   .   (helmet restricted)
rElec    .         Reflect  .   (no cloak)
rCorr    .         Harm     .   (no gloves)
MR       .....                  (boots unavailable)
Stlth    +.........             (no amulet)
HPRegen  0.00/turn              (no ring)
MPRegen  0.08/turn              (no ring)

@: lethally poisoned (-2 -> -84), non-regenerating, badly diseased
A: beak, talons 3
a: Renounce Religion


You were on level 1 of the Dungeon.
You worshipped Xom.
You were a toy of Xom.
You were not hungry.

You visited 1 branch of the dungeon, and saw 1 of its levels.

You collected 21 gold pieces.

Inventory:

Hand Weapons
 a - a +0 spear of chaos (weapon)
Armour
 b - a +2 leather armour (worn)
Scrolls
 d - 2 scrolls of remove curse {unknown}
Potions
 e - a potion of degeneration
 g - a potion of curing {unknown}
Comestibles
 c - a ration


   Skills:
 + Level 3.2 Fighting
 * Level 3.8 Polearms
 - Level 2.1 Armour
 - Level 1.1 Dodging


You had one spell level left.
You didn't know any spells.
Your spell library was empty.

Dungeon Overview and Level Annotations

Branches:
Dungeon (1/15)

Altars:


Innate Abilities, Weirdness & Mutations

You have a beak for a mouth.
You have claws for feet.


Message History

The giant cockroach bites you but does no damage.
A giant cockroach is nearby!
You closely miss the giant cockroach.
The giant cockroach is moderately wounded.
The giant cockroach bites you but does no damage.
A giant cockroach is nearby!
You closely miss the giant cockroach. You claw the giant cockroach.
You peck the giant cockroach.
The giant cockroach is severely wounded.
The giant cockroach barely misses you.
A giant cockroach is nearby!
You hit the giant cockroach.
Lightning courses through the giant cockroach!!
You kill the giant cockroach!
No target in view!
You see here a hobgoblin corpse.
Key pressed, stopping explore.
No target in view!
Xom grants you insight.
You feel aware of your surroundings.
A bat comes into view.
A bat is nearby!
A bat is nearby!
Attack whom?
Press: ? - help, Dir - move target cursor, f - bat
Aim: a bat You reach to attack!
You hit the bat. You freeze the bat.
You kill the bat!
A rat comes into view.
A rat is nearby!
A rat is nearby!
A rat is nearby!
Attack whom?
Press: ? - help, Dir - move target cursor, f - rat
Aim: a rat (resting)
You reach to attack!
The helpless rat fails to defend itself.
You hit the rat.
You kill the rat!
A rat comes into view.
The rat moves out of view.
No target in view!
No target in view!
Found 25 gold pieces.
A rat is nearby!
A rat comes into view.
Attack whom?
Press: ? - help, Dir - move target cursor, f - rat
Aim: a rat You reach to attack!
You barely miss the rat.
There are monsters nearby!
You closely miss the rat. The rat bites you.
There are monsters nearby!
You hit the rat.
You kill the rat!
Attack whom?
Press: ? - help, Dir - move target cursor, f - rat
Aim: a rat You reach to attack!
You hit the rat.
The rat changes into a glowing shapeshifter!
Xom roars with laughter!
The glowing shapeshifter is moderately wounded.
The glowing shapeshifter changes into a death drake!
A death drake is nearby!
Attack whom?
Press: ? - help, Dir - move target cursor, f/p - death drake
Aim: a death drake shaped shifter You reach to attack!
You closely miss the death drake. You closely miss the death drake.
You claw the death drake.
The death drake is lightly wounded.
The death drake bites you but does no damage.
A death drake is nearby!
It was a potion of degeneration.
There was something very wrong with that liquid.
You feel weakened.
You feel dopey.
You feel clumsy.
The death drake bites you but does no damage.
You miss the death drake.
You claw the death drake, but do no damage.
The death drake is lightly wounded.
The death drake breathes miasma at you. The foul vapour engulfs you!
You are lethally poisoned!
You feel your flesh rotting away!
You feel ill.
Ouch! That really hurt!
* * * LOW HITPOINT WARNING * * *
The death drake bites you but does no damage.
Unknown command.
It was a potion of heal wounds.
You feel much better.
You are engulfed in dark miasma.
You are more poisoned.
You feel your flesh rotting away!
You emit a cloud of colourful smoke!
* * * LOW HITPOINT WARNING * * *
You feel very sick.
The death drake changes into a water nymph!
You are engulfed in dark miasma.
You are more poisoned.
* * * LOW HITPOINT WARNING * * *
You die...
Xom thinks this is hilarious!

>.# #........#
#.#)#.......( ..#
#........#
#.#.####.#### ..#
#..$.....#
#.#......# ..#
.........*
#.######## ..#
....$..###.####
..#
#....##......#
###
#..°m##......#
#.?°°##......#
#..°@°°......#
......°.°#.†....#
.
.#.###.#.#......#
.. ..
...#.#......# .
###.#.#......#
..#.########
#.#.# #.#.#


You could see a water nymph shaped shifter.

Vanquished Creatures
  A giant cockroach (D:1)
  A goblin (D:1)
  2 hobgoblins (D:1)
  3 bats (D:1)
  2 frilled lizards (D:1)
  A kobold (D:1)
  2 rats (D:1)
12 creatures vanquished.

Notes
Turn   | Place    | Note
-------+----------+-------------------------------------------
     0 | D:1      | Monsterracer the Tengu Chaos Knight began the quest for the
                  | Orb.
     0 | D:1      | Reached XP level 1. HP: 14/14 MP: 2/2
    54 | D:1      | XOM: divination: detect creatures
   125 | D:1      | XOM: smoke on damage
   279 | D:1      | XOM: divination: magic mapping
   320 | D:1      | Reached XP level 2. HP: 13/19 MP: 3/3
   525 | D:1      | XOM: divination: magic mapping
   546 | D:1      | Noticed a glowing shapeshifter
   546 | D:1      | a rat changed into a glowing shapeshifter
   546 | D:1      | Noticed a death drake
   546 | D:1      | a glowing shapeshifter changed into a death drake
   550 | D:1      | HP: 9/18 [death drake (glowing shapeshifter)/foul vapour
                  | (9)]
   551 | D:1      | XOM: smoke on damage
   551 | D:1      | Noticed a water nymph
   551 | D:1      | a death drake changed into a water nymph
   552 | D:1      | HP: 4/18 [water nymph (glowing shapeshifter)] (5)]
   552 | D:1      | Succumbed to a water nymph's dark miasma

Levels and vault maps discovered:
D:1:      dpeg_arrival_simpleton_a, layout_basic, minmay_small_reverse_x

Action                   || total
-------------------------++-------
Melee: Spear             ||    30
       Kick              ||     5
       Peck              ||     1
  Use: Potion            ||     2
 Stab: Sleeping          ||     2
Armor: Leather armour    ||     9
Dodge: Dodged            ||     4
